TOP OF THE 1ST |
Bowling Green Hot Rods batting - Pitching for Beloit Snappers : RHP Ricky Lopez
|
Pitching: RHP Ricky Lopez
|
|
Batting: RHB Adam Turpin
|
0-0: Ball 1-0: Called Strike 1-1: Foul Ball, location: 2F 1-2: Foul Ball, location: 2F 1-2: Foul Ball, location: 2F 1-2: Strikes out swinging
|
Batting: SHB Wayne Hattan
|
0-0: Ball 1-0: Called Strike 1-1: Ball 2-1: Ball 3-1: Foul Ball, location: 2F 3-2: SINGLE (Groundball, 34D, EV 103.1 MPH)
|
Batting: LHB Mario Ocana
|
0-0: Called Strike 0-1: Ball 1-1: Ball 2-1: DOUBLE (Line Drive, 9LS, EV 91.9 MPH) Wayne Hattan to third
|
Batting: LHB Rich Matthews
|
0-0: Ball 1-0: Called Strike 1-1: Ground out 3-1 (Groundball, 34, EV 84.4 MPH) Wayne Hattan scores Mario Ocana to third
|
Batting: RHB Isaiah Easter
|
0-0: Ball 1-0: Ground out 5-3 (Groundball, 56, EV 88.8 MPH)
|
Top of the 1st over - 1 run, 2 hits, 0 errors, 1 left on base; Bowling Green 1 - Beloit 0 |
BOTTOM OF THE 1ST |
Beloit Snappers batting - Pitching for Bowling Green Hot Rods : RHP Julio Trejo
|
Pitching: RHP Julio Trejo
|
|
Batting: RHB Tony Crespo
|
0-0: Ball 1-0: Called Strike 1-1: Ball 2-1: Foul Ball, location: 2F 2-2: Foul Ball, location: 2F 2-2: Ball 3-2: Foul Ball, location: 2F 3-2: SINGLE (Groundball, 6D, EV 109.4 MPH)
|
Batting: LHB Jeremy Brammer
|
0-0: Called Strike Tony Crespo is caught stealing 2nd base 2-6 0-1: Foul Ball, location: 2F 0-2: Hit by Pitch
|
Batting: RHB Shannon Beck
|
0-0: Ball 1-0: Ball 2-0: Ball 3-0: Base on Balls Jeremy Brammer to second
|
Batting: LHB Felipe Gomez
|
0-0: Called Strike 0-1: Called Strike 0-2: Foul Ball, location: 2F 0-2: Strikes out swinging
|
Batting: RHB Sean Gould
|
0-0: Called Strike 0-1: Called Strike 0-2: Strikes out swinging
|
Bottom of the 1st over - 0 runs, 1 hit, 0 errors, 2 left on base; Bowling Green 1 - Beloit 0 |
TOP OF THE 2ND |
Bowling Green Hot Rods batting - Pitching for Beloit Snappers : RHP Ricky Lopez
|
Batting: LHB Sean Banks
|
0-0: TRIPLE (Line Drive, 9D, EV 108.8 MPH)
|
Batting: RHB Jason Penfield
|
0-0: Called Strike 0-1: Ball 1-1: Foul Ball, location: 2F 1-2: Foul Ball, location: 2F 1-2: Foul Ball, location: 2F 1-2: Ground out 5-3 (Groundball, 5, EV 91.9 MPH)
|
Batting: RHB Jim Erdody
|
0-0: Called Strike 0-1: Ground out 1-3 (Groundball, 13S, EV 68.1 MPH)
|
Batting: RHB Bazyli Andrysiak
|
0-0: Called Strike 0-1: Ground out 4-3 (Groundball, 4, EV 82.5 MPH)
|
Top of the 2nd over - 0 runs, 1 hit, 0 errors, 1 left on base; Bowling Green 1 - Beloit 0 |
BOTTOM OF THE 2ND |
Beloit Snappers batting - Pitching for Bowling Green Hot Rods : RHP Julio Trejo
|
Batting: RHB Jamie Jennings
|
0-0: Ball 1-0: Foul Ball, location: 2F 1-1: Called Strike 1-2: Ball 2-2: Ball 3-2: Base on Balls
|
Batting: RHB Don Burt
|
0-0: Ball 1-0: Ball 2-0: Foul Ball, location: 2F 2-1: Fly out, F8 (Flyball, 8LM, EV 93.1 MPH)
|
Batting: RHB Clay Statum
|
0-0: Called Strike 0-1: Called Strike 0-2: SINGLE (Line Drive, 6D, EV 97.5 MPH) Jamie Jennings to second
|
Batting: RHB Josh Lykins
|
0-0: Called Strike 0-1: Called Strike 0-2: Foul Ball, location: 2F 0-2: Foul Ball, location: 2F 0-2: Foul Ball, location: 2F 0-2: Strikes out swinging
|
Batting: RHB Tony Crespo
|
0-0: Fly out, F8 (Flyball, 8RD, EV 100.0 MPH)
|
Bottom of the 2nd over - 0 runs, 1 hit, 0 errors, 2 left on base; Bowling Green 1 - Beloit 0 |
TOP OF THE 3RD |
Bowling Green Hot Rods batting - Pitching for Beloit Snappers : RHP Ricky Lopez
|
Batting: RHB Adam Turpin
|
0-0: Fly out, F8 (Flyball, 8RM, EV 91.9 MPH)
|
Batting: SHB Wayne Hattan
|
0-0: Called Strike 0-1: Swinging Strike 0-2: Reached via error on a dropped throw from 3B, E3 (Groundball, 56, EV 86.2 MPH)
|
Batting: LHB Mario Ocana
|
0-0: Ball 1-0: Foul Ball, location: 2F 1-1: Foul Ball, location: 2F 1-2: Foul Ball, location: 2F 1-2: Ball 2-2: Ball 3-2: DOUBLE (Line Drive, 7LM, EV 111.2 MPH) Wayne Hattan to third Runner from 3rd tries for Home, throw by LF and OUT! 7-6-2 Mario Ocana to third
|
Batting: LHB Rich Matthews
|
0-0: Ball 1-0: Swinging Strike 1-1: Ball 2-1: Called Strike 2-2: Ball 3-2: SINGLE (Groundball, 4MD, EV 96.9 MPH) Mario Ocana scores
|
Batting: RHB Isaiah Easter
|
0-0: Called Strike 0-1: Called Strike 0-2: Foul Ball, location: 2F 0-2: Ball 1-2: Foul Ball, location: 2F 1-2: Ball 2-2: Strikes out looking
|
Top of the 3rd over - 1 run, 2 hits, 1 error, 1 left on base; Bowling Green 2 - Beloit 0 |
BOTTOM OF THE 3RD |
Beloit Snappers batting - Pitching for Bowling Green Hot Rods : RHP Julio Trejo
|
Batting: LHB Jeremy Brammer
|
0-0: Ball 1-0: Ball 2-0: Swinging Strike 2-1: Swinging Strike 2-2: Foul Ball, location: 2F 2-2: Strikes out swinging
|
Batting: RHB Shannon Beck
|
0-0: Called Strike 0-1: Foul Ball, location: 2F 0-2: Ball 1-2: Strikes out swinging
|
Batting: LHB Felipe Gomez
|
0-0: Ball 1-0: Called Strike 1-1: Fly out, F8 (Flyball, 8RXD, EV 103.8 MPH)
|
Bottom of the 3rd over - 0 runs, 0 hits, 0 errors, 0 left on base; Bowling Green 2 - Beloit 0 |
TOP OF THE 4TH |
Bowling Green Hot Rods batting - Pitching for Beloit Snappers : RHP Ricky Lopez
|
Batting: LHB Sean Banks
|
0-0: Called Strike 0-1: Foul Ball, location: 2F 0-2: Strikes out swinging
|
Batting: RHB Jason Penfield
|
0-0: Called Strike 0-1: Foul Ball, location: 2F 0-2: Fly out, F7 (Line Drive, 78M, EV 108.8 MPH)
|
Batting: RHB Jim Erdody
|
0-0: Ground out 4-3 (Groundball, 4M, EV 106.9 MPH)
|
Top of the 4th over - 0 runs, 0 hits, 0 errors, 0 left on base; Bowling Green 2 - Beloit 0 |
BOTTOM OF THE 4TH |
Beloit Snappers batting - Pitching for Bowling Green Hot Rods : RHP Julio Trejo
|
Batting: RHB Sean Gould
|
0-0: Ball 1-0: Ball 2-0: SINGLE (Line Drive, 89S, EV 99.4 MPH)
|
Batting: RHB Jamie Jennings
|
0-0: Ball 1-0: Ball 2-0: Ball 3-0: Base on Balls Sean Gould to second
|
Batting: RHB Don Burt
|
0-0: Called Strike 0-1: Fly out, F8 (Line Drive, 8RM, EV 92.5 MPH)
|
Batting: RHB Clay Statum
|
0-0: Ball 1-0: Ball 2-0: Foul Ball, location: 2F 2-1: Fielders Choice at 2nd, 3-6 (Groundball, 34S, EV 86.2 MPH) Sean Gould to third
|
Batting: RHB Josh Lykins
|
0-0: Foul Ball, location: 2F 0-1: Swinging Strike 0-2: Ball 1-2: Ball 2-2: Foul Ball, location: 2F 2-2: Strikes out looking
|
Bottom of the 4th over - 0 runs, 1 hit, 0 errors, 2 left on base; Bowling Green 2 - Beloit 0 |
TOP OF THE 5TH |
Bowling Green Hot Rods batting - Pitching for Beloit Snappers : RHP Ricky Lopez
|
Batting: RHB Bazyli Andrysiak
|
0-0: Called Strike 0-1: Ball 1-1: Ground out 6-3 (Groundball, 6M, EV 85.0 MPH)
|
Batting: RHB Adam Turpin
|
0-0: Ball 1-0: Called Strike 1-1: Ball 2-1: Ball 3-1: Ground out U3 (Groundball, 3S, EV 66.2 MPH)
|
Batting: SHB Wayne Hattan
|
0-0: Ball 1-0: Called Strike 1-1: Ball 2-1: Swinging Strike 2-2: Strikes out swinging
|
Top of the 5th over - 0 runs, 0 hits, 0 errors, 0 left on base; Bowling Green 2 - Beloit 0 |
BOTTOM OF THE 5TH |
Beloit Snappers batting - Pitching for Bowling Green Hot Rods : RHP Julio Trejo
|
Batting: RHB Tony Crespo
|
0-0: Called Strike 0-1: Ball 1-1: Foul Ball, location: 2F 1-2: Strikes out swinging
|
Batting: LHB Jeremy Brammer
|
0-0: Called Strike 0-1: Reached on error, E6 (Groundball, P, EV 81.2 MPH)
|
Batting: RHB Shannon Beck
|
0-0: Ball 1-0: Foul Ball, location: 2F 1-1: Foul Ball, location: 2F 1-2: Strikes out looking
|
Batting: LHB Felipe Gomez
|
0-0: Called Strike 0-1: Ball 1-1: Swinging Strike 1-2: SINGLE (Groundball, 25, EV 69.4 MPH) (infield hit) Jeremy Brammer to third
|
Batting: RHB Sean Gould
|
0-0: Ball Felipe Gomez steals 2nd base 1-0: Called Strike 1-1: Ground out 4-3 (Groundball, 4, EV 99.4 MPH)
|
Bottom of the 5th over - 0 runs, 1 hit, 1 error, 2 left on base; Bowling Green 2 - Beloit 0 |
TOP OF THE 6TH |
Bowling Green Hot Rods batting - Pitching for Beloit Snappers : RHP Ricky Lopez
|
Batting: LHB Mario Ocana
|
0-0: Ball 1-0: Ground out 6-3 (Groundball, 6, EV 81.9 MPH)
|
Batting: LHB Rich Matthews
|
0-0: Ball 1-0: Ground out 5-3 (Groundball, 56S, EV 70.0 MPH)
|
Batting: RHB Isaiah Easter
|
0-0: Foul Ball, location: 2F 0-1: Ball 1-1: Ball 2-1: SINGLE (Line Drive, 8RS, EV 97.5 MPH)
|
Pitching: LHP Alex Villagran
|
|
Batting: LHB Sean Banks
|
0-0: Called Strike 0-1: Ground out 4-3 (Groundball, 4, EV 88.1 MPH)
|
Top of the 6th over - 0 runs, 1 hit, 0 errors, 1 left on base; Bowling Green 2 - Beloit 0 |
BOTTOM OF THE 6TH |
Beloit Snappers batting - Pitching for Bowling Green Hot Rods : RHP Julio Trejo
|
Batting: RHB Jamie Jennings
|
0-0: Swinging Strike 0-1: Swinging Strike 0-2: Strikes out swinging, 2-3 out at first.
|
Batting: RHB Don Burt
|
0-0: Hit by Pitch
|
Batting: RHB Clay Statum
|
0-0: Ball 1-0: SINGLE (Groundball, 6MD, EV 103.1 MPH) Don Burt to second Runner from 2nd tries for 3rd, SAFE, throw by CF made to third
|
Batting: RHB Josh Lykins
|
0-0: Ball 1-0: Ground out 6-3 (Groundball, 56D, EV 106.2 MPH) Don Burt scores Clay Statum to second
|
Pinch Hitting: LHB Nate Melendez
|
0-0: Swinging Strike 0-1: Ball 1-1: Ball 2-1: Ball 3-1: Fly out, F3 (Line Drive, 3, EV 68.1 MPH)
|
Bottom of the 6th over - 1 run, 1 hit, 0 errors, 1 left on base; Bowling Green 2 - Beloit 1 |
TOP OF THE 7TH |
Bowling Green Hot Rods batting - Pitching for Beloit Snappers : LHP Alex Villagran
|
Now in CF: Felipe Gomez
|
|
Now in RF: Nate Melendez
|
|
Batting: RHB Jason Penfield
|
0-0: Called Strike 0-1: Ball 1-1: Foul Ball, location: 2F 1-2: Foul Ball, location: 2F 1-2: Strikes out looking
|
Batting: RHB Jim Erdody
|
0-0: Foul Ball, location: 2F 0-1: Ground out 4-3 (Groundball, 4S, EV 84.4 MPH)
|
Batting: RHB Bazyli Andrysiak
|
0-0: Foul Ball, location: 2F 0-1: Swinging Strike 0-2: Ball 1-2: Foul Ball, location: 2F 1-2: Ground out 6-3 (Groundball, 6, EV 85.6 MPH)
|
Top of the 7th over - 0 runs, 0 hits, 0 errors, 0 left on base; Bowling Green 2 - Beloit 1 |
BOTTOM OF THE 7TH |
Beloit Snappers batting - Pitching for Bowling Green Hot Rods : RHP Julio Trejo
|
Pitching: LHP Melvin Millan
|
|
Batting: LHB Jeremy Brammer
|
0-0: Ball 1-0: Foul Ball, location: 2F 1-1: Ball 2-1: Foul Ball, location: 2F 2-2: Ground out 6-3 (Groundball, 4M, EV 99.4 MPH)
|
Batting: RHB Shannon Beck
|
0-0: Called Strike 0-1: Foul Ball, location: 2F 0-2: Strikes out swinging
|
Batting: LHB Felipe Gomez
|
0-0: Ball 1-0: Ball 2-0: Fly out, F9 (Flyball, 9LSF, EV 86.9 MPH)
|
Bottom of the 7th over - 0 runs, 0 hits, 0 errors, 0 left on base; Bowling Green 2 - Beloit 1 |
TOP OF THE 8TH |
Bowling Green Hot Rods batting - Pitching for Beloit Snappers : LHP Alex Villagran
|
Batting: RHB Adam Turpin
|
0-0: Ball 1-0: Called Strike 1-1: Called Strike 1-2: Strikes out swinging
|
Batting: SHB Wayne Hattan
|
0-0: Ball 1-0: Called Strike 1-1: Swinging Strike 1-2: Ball 2-2: Ball 3-2: Base on Balls
|
Batting: LHB Mario Ocana
|
0-0: Ball 1-0: Fly out, F9 (Line Drive, 89M, EV 106.2 MPH)
|
Pinch Hitting: RHB Kunizo Yanagisawa
|
0-0: Ball 1-0: Foul Ball, location: 2F 1-1: Ball 2-1: Foul Ball, location: 2F 2-2: Foul Ball, location: 2F 2-2: Strikes out swinging
|
Top of the 8th over - 0 runs, 0 hits, 0 errors, 1 left on base; Bowling Green 2 - Beloit 1 |
BOTTOM OF THE 8TH |
Beloit Snappers batting - Pitching for Bowling Green Hot Rods : LHP Melvin Millan
|
Pitching: RHP Brandon Isabell
|
|
Now in LF: Kunizo Yanagisawa
|
|
Batting: RHB Sean Gould
|
0-0: Ball 1-0: Ball 2-0: Foul Ball, location: 2F 2-1: SINGLE (Groundball, 34S, EV 64.4 MPH) (infield hit)
|
Batting: RHB Jamie Jennings
|
0-0: Ball 1-0: Bunted foul 1-1: Sac Bunt to 13S - play at first, batter OUT! 1-3 Sean Gould to second
|
Pinch Hitting: LHB Chance Stever
|
0-0: Called Strike 0-1: Ball 1-1: Ground out 1-3 (Groundball, P, EV 71.2 MPH) Sean Gould to third
|
Pinch Hitting: SHB Ivan Barry
|
0-0: Ground out 4-3 (Groundball, 4, EV 79.4 MPH)
|
Bottom of the 8th over - 0 runs, 1 hit, 0 errors, 1 left on base; Bowling Green 2 - Beloit 1 |
TOP OF THE 9TH |
Bowling Green Hot Rods batting - Pitching for Beloit Snappers : LHP Alex Villagran
|
Pitching: RHP Tony Contreras
|
|
Now at 1B: Chance Stever
|
|
Now at 2B: Ivan Barry
|
|
Batting: RHB Isaiah Easter
|
0-0: Ball 1-0: Swinging Strike 1-1: Foul Ball, location: 2F 1-2: Ball 2-2: Ball 3-2: Foul Ball, location: 2F 3-2: Foul Ball, location: 2F 3-2: Foul Ball, location: 2F 3-2: Ground out 6-3 (Groundball, 6, EV 90.6 MPH)
|
Batting: LHB Sean Banks
|
0-0: Swinging Strike 0-1: Foul Ball, location: 2F 0-2: Foul Ball, location: 2F 0-2: Strikes out swinging
|
Batting: RHB Jason Penfield
|
0-0: Ball 1-0: Ball 2-0: Called Strike 2-1: SINGLE (Groundball, 6D, EV 101.2 MPH)
|
Batting: RHB Jim Erdody
|
0-0: Ball 1-0: Called Strike 1-1: Called Strike 1-2: Strikes out swinging
|
Top of the 9th over - 0 runs, 1 hit, 0 errors, 1 left on base; Bowling Green 2 - Beloit 1 |
BOTTOM OF THE 9TH |
Beloit Snappers batting - Pitching for Bowling Green Hot Rods : RHP Brandon Isabell
|
Pitching: LHP Ryan Folks
|
|
Now at 2B: Kunizo Yanagisawa
|
|
Now at 3B: Eric Waugaman
|
|
Now at SS: Chris Glavin
|
|
Now in LF: Jesse Haddad
|
|
Batting: RHB Josh Lykins
|
0-0: Ground out 6-3 (Groundball, 6, EV 99.4 MPH)
|
Pinch Hitting: RHB Tetsuya Shinoda
|
0-0: Ball 1-0: DOUBLE (Line Drive, 9LS, EV 110.0 MPH)
|
Pinch Hitting: RHB Andrew Nicol
|
0-0: Ball 1-0: Ball 2-0: Called Strike 2-1: Foul Ball, location: 2F 2-2: Strikes out swinging
|
Batting: RHB Shannon Beck
|
0-0: Called Strike 0-1: Swinging Strike 0-2: Strikes out swinging
|
Bottom of the 9th over - 0 runs, 1 hit, 0 errors, 1 left on base; Bowling Green 2 - Beloit 1 |
|